 Dungeon Crawl Stone Soup version 0.23-a0-175-g97aacdb (webtiles) character file.

344 Amnesiac the Chiller (level 6, 0/41 HPs)
             Began as a Mummy Ice Elementalist on Sept 16, 2018.
             Slain by a sky beast (5 damage)
             ... on level 5 of the Dungeon.
             The game lasted 00:04:50 (2162 turns).

Amnesiac the Chiller (Mummy Ice Elementalist)       Turns: 2162, Time: 00:04:51

Health: 0/41       AC:  2    Str: 14    XL:     6   Next: 31%
Magic:  8/13       EV: 12    Int: 16    God:
Gold:   104        SH:  0    Dex: 12    Spells: 9/15 levels left

rFire    x . .     SeeInvis .   a - +2 short sword (speed)
rCold    + . .     Gourm    .   (no shield)
rNeg     + + +     Faith    .   j - +0 robe
rPois    ∞         Spirit   .   (no helmet)
rElec    .         Reflect  .   (no cloak)
rCorr    .         Harm     .   (no gloves)
MR       .....                  (no boots)
Stlth    ++........             (no amulet)
HPRegen  0.13/turn              f - +2 ring of strength
MPRegen  0.13/turn              (no ring)

@: no status effects
A: no food or potions, fire vulnerability, cold resistance 1, negative energy
resistance 3, torment resistance, unbreathing
a: no special abilities


You were on level 5 of the Dungeon.
You were not hungry.

You visited 1 branch of the dungeon, and saw 6 of its levels.

You collected 104 gold pieces.

Inventory:

Hand Weapons
 a - a +2 short sword of speed (weapon)
Missiles
 b - 5 curare-tipped needles
Armour
 j - a +0 robe (worn)
Jewellery
 f - a +2 ring of strength (left hand)
Wands
 l - a wand of scattershot (3)
Scrolls
 c - a scroll of teleportation {!r}
 d - a scroll of enchant armour {!r}
 e - a scroll of noise {!r, unknown}
 g - 2 scrolls of enchant weapon {!r}
 h - a scroll of magic mapping {!r}
 i - a scroll of remove curse {!r}
 k - a scroll of identify {!r}


   Skills:
 - Level 1.5 Dodging
 - Level 1.5 Stealth
 + Level 5.0 Spellcasting
 - Level 0.7 Conjurations
 * Level 5.1 Ice Magic


You had 9 spell levels left.
You knew the following spells:

 Your Spells              Type           Power        Failure   Level  Hunger
a - Freeze                Ice            ###.         1%          1    N/A
e - Throw Frost           Conj/Ice       ##....       7%          2    N/A
z - Ozocubu's Armour      Chrm/Ice       ##......     16%         3    N/A

Your spell library contained the following spells:

 Spells                   Type           Power        Failure   Level  Hunger
 Throw Icicle             Conj/Ice       ##......     41%         4    N/A
 Summon Ice Beast         Ice/Summ       ##......     45%         4    N/A

Dungeon Overview and Level Annotations

Branches:
Dungeon (6/15)
 Temple: D:4-7

Altars:
Wu Jian


Innate Abilities, Weirdness & Mutations

You do not eat or drink.
Your flesh is vulnerable to fire.
You are immune to poison.
Your flesh is cold resistant. (rC+)
You are immune to negative energy. (rN+++)
You are immune to unholy pain and torment.
You can survive without breathing.


Message History

Casting: Freeze (safe; 1% risk of failure)
Confirm with . or Enter, or press ? or * to list all spells.
Aiming: Freeze (safe; 1% risk of failure)
Press: ? - help, Shift-Dir - straight line, f - orc priest
Aim: an orc priest, wielding a short sword You freeze the orc priest.
The orc priest is severely wounded.
The scorpion closely misses you.
The orc wizard mumbles some strange words.
The orc wizard seems to speed up.
The orc priest barely misses you. The orc hits you with a whip.
* * * LOW HITPOINT WARNING * * *
Unknown command.
Casting: Freeze (safe; 1% risk of failure)
Confirm with . or Enter, or press ? or * to list all spells.
Aiming: Freeze (safe; 1% risk of failure)
Press: ? - help, Shift-Dir - straight line, f/p - orc priest
Aim: an orc priest, wielding a short sword (severely wounded)
You freeze the orc priest.
You kill the orc priest!
The orc wizard gestures wildly while chanting.
The orc wizard blinks!
The scorpion completely misses you. The orc closely misses you.
Unknown command.
The orc barely misses you. The scorpion stings you.
* * * LOW HITPOINT WARNING * * *
The orc closely misses you.
Casting: Freeze (safe; 1% risk of failure)
Confirm with . or Enter, or press ? or * to list all spells.
Aiming: Freeze (safe; 1% risk of failure)
Press: ? - help, Shift-Dir - straight line, f - orc
Aim: an orc, wielding a whip and wearing a scale mail You freeze the orc.
The orc is severely wounded.
The orc closely misses you.
Unknown command.
The orc wizard gestures wildly while chanting.
The orc wizard blinks!
A sky beast comes into view.
The sky beast hits you.
* * * LOW HITPOINT WARNING * * *
The sky beast shocks you.
* * * LOW HITPOINT WARNING * * *
The sky beast closely misses you.
The sky beast hits you but does no damage.
The sky beast flickers out of sight!
Deactivating autopickup; reactivate with Ctrl-A.
The orc wizard gestures wildly while chanting.
The orc wizard blinks!
There is a stone staircase leading up here.
Something hits you.
* * * LOW HITPOINT WARNING * * *
Something shocks you.
* * * LOW HITPOINT WARNING * * *
You climb upwards.
You hear the sound of rushing water.
There is an entrance to a sewer on this level.
Hurry and find it before the You hear the drain falling apart.
There is a stone staircase leading down here.
The walls and floor vibrate strangely for a moment.
Something hits you.
* * * LOW HITPOINT WARNING * * *
Something shocks you.
You die...

############...#.#.#
#..........#.#.#
#......)[..#.#.#
#......†.....#.#####
#..........#.#.....#
#............#####[#
#............# #.#
###########..#####.#
#....@...##.#
#....>...##.#
#........##.#
###########.# #.#
#<# ###


There were no monsters in sight!

Vanquished Creatures
  A scorpion (D:5)
  A crimson imp (D:5)
  A centaur skeleton (D:4)
  2 orc priests (D:6)
  An orc wizard (D:4)
  Natasha (D:4)
  A worker ant (D:5)
  A hound skeleton (D:4)
  A howler monkey zombie (D:6)
  2 adders
  2 gnolls (D:4)
  An adder skeleton (D:4)
  6 orcs
  2 giant cockroaches
  A hobgoblin (D:2)
  A quokka (D:5)
  A ball python (D:2)
  4 bats
  2 frilled lizards
  2 goblins
  A kobold (D:1)
  A quokka skeleton (D:4)
  5 rats
41 creatures vanquished.

Notes
Turn   | Place    | Note
-------+----------+-------------------------------------------
     0 | D:1      | Amnesiac the Mummy Ice Elementalist began the quest for the
                  | Orb.
     0 | D:1      | Reached XP level 1. HP: 13/13 MP: 4/4
   225 | D:2      | Reached XP level 2. HP: 16/19 MP: 2/5
   229 | D:2      | Learned a level 2 spell: Throw Frost
   478 | D:3      | Reached XP level 3. HP: 21/24 MP: 2/7
   483 | D:3      | Learned a level 3 spell: Ozocubu's Armour
  1174 | D:4      | Noticed Natasha
  1184 | D:4      | Killed Natasha
  1184 | D:4      | Reached XP level 4. HP: 8/30 MP: 3/9
  1359 | D:5      | Entered Level 5 of the Dungeon
  1441 | D:4      | Reached XP level 5. HP: 8/35 MP: 0/11
  2061 | D:5      | Reached XP level 6. HP: 34/41 MP: 6/13
  2086 | D:6      | Found an ornate altar of the Wu Jian Council.
  2132 | D:6      | Reached skill level 5 in Spellcasting
  2132 | D:6      | Reached skill level 5 in Ice Magic
  2149 | D:6      | Noticed a sky beast
  2162 | D:5      | Slain by a sky beast

Vault maps used:
D:1:      dpeg_arrival_orchard
D:2:      lemuel_doored_altar
D:3:      trog_eyes_of_draining
D:4:      minivault_23, skrybe_limestone_x, minmay_snake_closets, uniq_natasha
D:5:      first_ration, portal_sewer_entry_e
D:6:      kennysheep_little_box, minmay_temple_entry_junction, hex_tiny,
          kennysheep_crisscross, grunt_qazlal_sundering

Skill      XL: |  1  2  3  4  5  6 |
---------------+-------------------+-----
Ice Magic      | 3 4 5 |  5.1
Spellcasting   | 3 4 5 |  5.0
Dodging        | |  1.5
Stealth        | |  1.5
Conjurations   | |  0.7

Action                   |  1- 3 |  4- 6 || total
-------------------------+-------+-------++-------
Melee: Spear             |    15 |    10 ||    25
       Short sword       |       |    25 ||    25
 Cast: Freeze            |    31 |    43 ||    74
       Ozocubu's Armour  |     3 |     2 ||     5
       Throw Frost       |     1 |       ||     1
  Use: Scroll            |       |     7 ||     7
 Stab: Sleeping          |     1 |       ||     1
Armor: Robe              |     6 |     4 ||    10
Dodge: Dodged            |    23 |    49 ||    72

Table legend:
 A = Non-vault XP
 B = Vault XP
 C = Vault XP percentage of total XP
 D = Non-vault monster count
 E = Vault monster count
 F = Vault count percentage of total count
                 A         B        C        D         E       F
            +---------+---------+-------+---------+---------+-------
      Total |     456 |      36 |   7.3 |      40 |       1 |   2.4
            +---------+---------+-------+---------+---------+-------
        D:1 |       9 |       0 |   0.0 |       7 |       0 |   0.0
        D:2 |      23 |       0 |   0.0 |       8 |       0 |   0.0
        D:3 |      16 |       0 |   0.0 |       3 |       0 |   0.0
        D:4 |     141 |      36 |  20.3 |      10 |       1 |   9.1
        D:5 |     166 |       0 |   0.0 |       8 |       0 |   0.0
        D:6 |     101 |       0 |   0.0 |       4 |       0 |   0.0
            +---------+---------+-------+---------+---------+-------
